AoeStats
← ogipochi_

Arena

507711410Analyzed
4v4 RM · 14d ago on Sep 19, 2026· 52m 51s· 8 players
Game mode
Random Map
Map size
Large (8 player)
Population
200
Speed
Normal
Resources
Standard
Victory
Conquest
Starting age
Dark Age
Ending age
Imperial Age
RankedLock teamsTeams togetherTeam positionsShared explorationLock speedFull tech treeHidden civsTurbo modeCheats
Victory
Defeat
🇯🇵 Khitans · Japan
771
+12
🇨🇳 Portuguese · China
706
+14
🇨🇳 Chinese · China
701
+14
🇺🇸 Khmer · United States
624
+18
🇨🇳 Shu · China
712
-16
🇨🇳 Goths · China
695
-16
🇨🇳 Huns · China
658
-14
🇨🇳 Huns · China
607
-12
ogipochi_
9:28 Loom
11:28 Feudal Age
12:18 Double-Bit Axe
12:25 Gold Mining
12:33 Domestication
12:16 Man-at-Arms
12:42 Arson
14:30 Scale Mail Armor
15:28 Wheelbarrow
16:22 Forging
20:33 Castle Age
20:49 Town Watch
20:47 Long Swordsman
21:31 Squires
22:19 Iron Casting
21:48 Gambesons
23:25 Pikeman
25:02 Bow Saw
32:52 Hand Cart
37:17 Imperial Age
37:57 Lamellar Armor
37:28 Two-Handed Swordsman
37:31 Elite Liao Dao
38:32 Conscription
38:15 Stone Mining
38:17 Heavy Rocket Cart
38:21 Capped Ram
39:31 Caravan
39:48 Champion
40:47 Chain Mail Armor
40:35 Siege Ram
44:05 Two-Man Saw
45:48 Plate Mail Armor
MAC01
11:32 Feudal Age
11:52 Horse Collar
12:03 Double-Bit Axe
17:01 Stone Mining
17:02 Gold Mining
23:50 Castle Age
24:53 Bow Saw
24:48 Heavy Plow
25:30 Bloodlines
25:21 Husbandry
26:49 Stone Shaft Mining
27:55 Scale Barding Armor
30:15 Chain Barding Armor
30:40 Forging
30:51 Tusk Swords
32:01 Iron Casting
31:17 Fletching
34:03 Padded Archer Armor
35:29 Gold Shaft Mining
35:20 Bodkin Arrow
40:37 Imperial Age
39:08 Heated Shot
39:39 Ballistics
40:48 Elite Battle Elephant
44:16 Plate Barding Armor
45:30 Blast Furnace
45:36 Bracer
45:27 Cavalier
48:36 Fortified Wall
51:21 Murder Holes
51:37 Masonry
gl
12:07 Feudal Age
12:30 Loom
18:20 Castle Age
21:25 Murder Holes
22:46 Double-Bit Axe
28:38 Imperial Age
30:29 Chemistry
29:10 Treadmill Crane
29:51 Ballistics
29:43 Fortified Wall
33:55 Fletching
37:50 Bow Saw
37:33 Gold Mining
38:45 Stone Mining
39:18 Bow Saw
39:03 Pikeman
39:29 Arson
39:07 Elite Skirmisher
40:42 Wheelbarrow
41:02 Thumb Ring
53:20 Stone Shaft Mining
David
1:00 Loom
12:02 Feudal Age
12:51 Double-Bit Axe
12:50 Horse Collar
13:25 Gold Mining
20:32 Castle Age
18:59 Arson
19:23 Padded Archer Armor
19:24 Scale Mail Armor
20:56 Fletching
21:43 Forging
21:59 Bow Saw
22:32 Leather Archer Armor
23:34 Gold Shaft Mining
22:52 Stone Mining
24:18 Iron Casting
25:15 Bodkin Arrow
25:36 Chain Mail Armor
27:07 Heavy Plow
27:13 Crossbowman
30:43 Chain Mail Armor
29:57 Pikeman
34:44 Imperial Age
32:42 Masonry
32:43 Fortified Wall
32:55 Ballistics
32:26 Heated Shot
32:32 Murder Holes
32:37 Elite Skirmisher
35:37 Thumb Ring
34:54 Arbalester
36:00 Conscription
36:58 Architecture
37:30 Chemistry
36:16 Arrowslits
36:35 Bracer
37:05 Ring Archer Armor
37:06 Plate Mail Armor
36:43 Great Wall
38:00 Two-Man Saw
37:57 Wheelbarrow
37:49 Squires
38:56 Ring Archer Armor
39:27 Blast Furnace
39:40 Bombard Tower
41:16 Scale Barding Armor
40:36 Elite Chu Ko Nu
50:44 Hand Cart
50:34 Town Watch
51:17 Town Patrol
52:22 Stone Shaft Mining
bluetiger74
0:37 Loom
11:50 Feudal Age
12:28 Town Watch
13:10 Double-Bit Axe
13:12 Horse Collar
13:32 Stone Mining
14:15 Gold Mining
22:11 Castle Age
22:28 Wheelbarrow
22:11 Forging
22:28 Forging
24:15 Gold Shaft Mining
24:34 Husbandry
23:57 Elite Skirmisher
25:15 Heavy Plow
25:46 Bow Saw
26:37 Pikeman
28:48 Marauders
38:33 Ballistics
43:59 Imperial Age
45:49 Atheism
46:34 Murder Holes
CASTER123
11:26 Feudal Age
16:16 Castle Age
14:23 Horse Collar
14:44 Double-Bit Axe
18:28 Wheelbarrow
18:32 Heavy Plow
19:14 Bow Saw
22:38 Gold Mining
23:08 Hand Cart
29:56 Imperial Age
27:54 Anarchy
28:32 Squires
29:33 Forging
29:24 Scale Mail Armor
32:24 Two-Man Saw
34:22 Crop Rotation
34:05 Elite Huskarl
35:20 Perfusion
38:01 Chemistry
37:47 Iron Casting
41:44 Blast Furnace
41:00 Chain Mail Armor
46:36 Heavy Scorpion
1143516068
12:43 Feudal Age
13:52 Double-Bit Axe
13:54 Horse Collar
14:28 Gold Mining
14:36 Stone Mining
22:06 Castle Age
23:43 Heavy Plow
26:28 Bow Saw
26:57 Gold Shaft Mining
31:19 Imperial Age
落水杨花
14:18 Feudal Age
17:09 Horse Collar
17:25 Gold Mining
17:26 Double-Bit Axe
20:39 Castle Age
19:07 Padded Archer Armor
18:57 Fletching
21:41 Heavy Plow
21:04 Crossbowman
21:50 Thumb Ring
25:37 Bow Saw
26:07 Gold Shaft Mining
28:02 Wheelbarrow
31:11 Stone Mining
34:45 Leather Archer Armor
34:25 Bodkin Arrow
43:23 Imperial Age
45:03 Arbalester
49:00 Elite White Feather Guard
Connection lost

Rejoining the realm…

Still unreachable

The connection could not be restored.

Session expired

The server has moved on; the page needs a fresh start.